 Dungeon Crawl Stone Soup version 0.17.1-1-g73c8601 (webtiles) character file.

135 Peloso the Shield-Bearer (level 4, 0/40 HPs)
             Began as a Minotaur Fighter on Dec 26, 2015.
             Slain by Grinder (5 damage)
             ... while paralysed by Grinder
             ... on level 3 of the Dungeon.
             The game lasted 00:12:05 (2410 turns).

Peloso the Shield-Bearer (Minotaur Fighter)         Turns: 2410, Time: 00:12:05

Health: 0/40       AC: 12    Str: 21    XL:     4   Next: 96%
Magic:  3/3        EV:  2    Int:  5    God:
Gold:   236        SH:  0    Dex: 10    Spells: 0 memorised, 3 levels left

rFire  + . .     SeeInvis .     a - +0 long sword
rCold  x . .     Clarity  .     j - +0 plate armour
rNeg   . . .     SustAt   .     c - +0 shield
rPois  .         Gourm    .     (helmet restricted)
rElec  .         Spirit   .     (no cloak)
rCorr  .         Warding  .     (no gloves)
rMut   .         Stasis   .     (no boots)
MR     .....                    (no amulet)
Stlth  ..........               (no ring)
                                m - ring of fire

@: paralysed, not resistant to hostile enchantments, extremely unstealthy
A: retaliatory headbutt, horns 2
a: no special abilities


You were on level 3 of the Dungeon.
You were very hungry.

You visited 1 branch of the dungeon, and saw 4 of its levels.

You collected 236 gold pieces.

Inventory:

Hand Weapons
 a - a +0 long sword (weapon)
Armour
 b - a +0 scale mail
 c - a +0 shield (worn)
 j - a +0 plate armour (worn)
Jewellery
 f - an uncursed ring of ice {unknown}
 m - a ring of fire (left hand)
 q - an uncursed ring of wizardry {unknown}
Wands
 w - a wand of fire (9)
 z - a wand of paralysis (11)
Scrolls
 g - 3 scrolls of recharging {unknown}
 i - a scroll of enchant weapon {unknown}
 n - 4 scrolls of identify {unknown}
 o - a scroll of enchant armour {unknown}
 p - 3 scrolls of remove curse {unknown}
 r - a scroll of fog {unknown}
 x - 2 scrolls of immolation {unknown}
 y - a scroll of amnesia {unknown}
Potions
 d - a potion of might
 k - 2 potions of heal wounds {unknown}
 l - 2 potions of agility {unknown}
 s - a potion of resistance {unknown}
 t - a potion of flight {unknown}
 v - a potion of lignification {unknown}
Comestibles
 e - 4 bread rations
 h - 4 beef jerkies
 u - 3 fruits


   Skills:
 + Level 4.2 Fighting
 + Level 3.2 Long Blades
 + Level 4.8 Armour
 + Level 0.2 Dodging
 + Level 5.1 Shields


You had 3 spell levels left.
You didn't know any spells.

Dungeon Overview and Level Annotations

Branches:
Dungeon (4/15)
 Temple: D:4-7

Altars:
Makhleb

Annotations:
D:3 Grinder
D:4 Robin


Innate Abilities, Weirdness & Mutations

You reflexively headbutt those who attack you in melee.
You have a pair of horns on your head.


Message History

The goblin is lightly wounded.
You block the goblin's attack. x2
Unknown command.
You miss the goblin.
The goblin is lightly wounded.
The goblin hits you but does no damage.
Your plate armour prevents you from hitting the goblin.
The goblin is lightly wounded.
You block the goblin's attack. Grinder gestures at you.
You suddenly lose the ability to move!
The goblin hits you but does no damage. Grinder gestures at you.
Pain shoots through your body!
* * * LOW HITPOINT WARNING * * *
The goblin barely misses you. Grinder gestures at you.
You resist with significant effort. Grinder hits you.
You die...

#.......# #.####)###### ##
#.#####.###.#.......... .#
#####.# #.............### .##
#.....# #...###.##....... ..#
#.###.# #.#.# #.##.###### ..# #.#
#.#####.#.# #.##.# # ..# #.#
#.......#.# #.##.# # ..#
#.#####..####.# #>##.# # ..#
#........5@g..# #.##.# #
..###########..########.##.# #
.........####..#######...#.######
.#####...........................
.# #...####.####.###...#.#####.
.### ##.## #.##.......)...# #.
...####.# #.##.#.####.#### #.
##......#####.##.#.####.##### #.
#...รท............(..........#
##.


You could see Grinder and a goblin (frenzied).

Vanquished Creatures
  4 adders
  2 worms (D:2)
  4 giant geckos
  6 orcs
  5 giant cockroaches
  14 goblins
  9 hobgoblins
  7 kobolds
  A quokka (D:3)
  A ball python (D:1)
  9 bats
  4 giant newts
  9 jackals
  4 rats
79 creatures vanquished.

Notes
Turn   | Place    | Note
--------------------------------------------------------------
     0 | D:1      | Peloso the Minotaur Fighter began the quest for the Orb.
     0 | D:1      | Reached XP level 1. HP: 19/19 MP: 0/0
   184 | D:1      | Reached XP level 2. HP: 25/27 MP: 1/1
   453 | D:1      | Reached skill level 4 in Shields
   746 | D:1      | Reached XP level 3. HP: 33/33 MP: 2/2
  1068 | D:2      | Found a burning altar of Makhleb.
  1235 | D:2      | Reached XP level 4. HP: 40/40 MP: 3/3
  2091 | D:3      | Reached skill level 5 in Shields
  2383 | D:4      | Noticed Robin
  2385 | D:4      | Noticed Grinder
  2385 | D:4      | Paralysed by Grinder for 3 turns
  2407 | D:3      | Paralysed by Grinder for 7 turns
  2410 | D:3      | Slain by Grinder

Action                   |  1- 3 |  4- 6 || total
-------------------------+-------+-------++-------
Melee: Long sword        |   147 |   114 ||   261
  Eat: Chunk             |     1 |     3 ||     4
